 Dungeon Crawl Stone Soup version 0.21-a0-528-gf531e82c92 (webtiles) character file.

48 Cecky the Skirmisher (level 3, 0/33 HPs)
             Began as a Hill Orc Monk on Dec 8, 2017.
             Slain by an ogre
             ... wielding a +0 giant spiked club
              (26 damage)
             ... on level 3 of the Dungeon.
             The game lasted 00:05:15 (2315 turns).

Cecky the Skirmisher (Hill Orc Monk)                Turns: 2315, Time: 00:05:15

Health: 0/33       AC:  7    Str: 16    XL:     3   Next: 72%
Magic:  12/12      EV: 11    Int: 10    God:
Gold:   111        SH:  0    Dex: 13    Spells: 2/2 levels left

rFire    . . .     SeeInvis .   a - +0 blowgun
rCold    . . .     Gourm    .   (no shield)
rNeg     . . .     Faith    .   h - +2 ring mail {rPois}
rPois    +         Spirit   .   (no helmet)
rElec    .         Reflect  .   (no cloak)
rCorr    .         Harm     .   (no gloves)
MR       .....                  (no boots)
Stlth    +.........             (no amulet)
HPRegen  0.11/turn              g - ring of magical power
MPRegen  0.13/turn              o - +2 ring of strength

@: no status effects
A: no striking features
a: no special abilities


You were on level 3 of the Dungeon.
You were very hungry.

You visited 1 branch of the dungeon, and saw 3 of its levels.

You collected 111 gold pieces.

Inventory:

Hand Weapons
 a - a +0 blowgun (weapon)
Missiles
 m - 5 javelins
 s - 44 poisoned needles (quivered)
Armour
 h - a +2 ring mail of poison resistance (worn)
 r - a +0 robe
Jewellery
 g - a ring of magical power (left hand)
 o - a +2 ring of strength (right hand)
Scrolls
 d - a scroll of immolation {unknown}
 e - 3 scrolls of remove curse {unknown}
 i - a scroll of fear {unknown}
 k - a scroll of teleportation {unknown}
 n - a scroll of enchant armour {unknown}
 p - 2 scrolls of identify {unknown}
 q - a scroll of fog {unknown}
 u - a scroll of noise {unknown}
Potions
 c - a potion of mutation {unknown}
 f - a potion of lignification {unknown}
 j - a potion of brilliance {unknown}
 t - a potion of curing {unknown}
Comestibles
 b - 2 bread rations
 l - a meat ration
 v - 3 fruits


   Skills:
 + Level 4.2 Fighting
 + Level 1.2 Armour
 - Level 2.6 Dodging
 - Level 1.5 Stealth
 + Level 4.1 Unarmed Combat


You had 2 spell levels left.
You didn't know any spells.

Dungeon Overview and Level Annotations

Branches:
Dungeon (3/15)

Altars:
Ashenzari
Ru
Vehumet


Message History

Aim: an ogre, wielding a giant spiked club (heavily wounded)
You shoot a poisoned needle. The poisoned needle hits the ogre.
The ogre is heavily wounded.
You see here an uncursed blowgun.
There is a stone staircase leading up here.
You see here an uncursed blowgun.
Firing (i - inventory. (,) - cycle):
s - 46 poisoned needles (quivered)
Press: ? - help, Shift-Dir - straight line, f/p - ogre
Aim: an ogre, wielding a giant spiked club (moderately wounded)
You shoot a poisoned needle. The poisoned needle hits the ogre.
The ogre is moderately wounded.
The ogre barely misses you.
Firing (i - inventory. (,) - cycle):
s - 45 poisoned needles (quivered)
Press: ? - help, Shift-Dir - straight line, f/p - ogre
Aim: an ogre, wielding a giant spiked club (moderately wounded)
You shoot a poisoned needle. The poisoned needle hits the ogre.
The ogre is moderately wounded.
The ogre hits you with a giant spiked club!!
Ouch! That really hurt!
You die...

######## ##......#########
####...###.....O@..#
##.........).#####.#
##.#...#.....#####.#
##.##.#(...).......#
##.##.#.(....####..#####
##.##.#.<..............##.
##......#########.........
##.##.### #...##.###
##.##.# #...# .#


You could see an ogre.

Vanquished Creatures
  An adder (D:2)
  5 goblins
  A hobgoblin (D:2)
  6 jackals (D:2)
  8 kobolds
  6 bats
  10 rats
37 creatures vanquished.

Notes
Turn   | Place    | Note
-------+----------+-------------------------------------------
     0 | D:1      | Cecky the Hill Orc Monk began the quest for the Orb.
     0 | D:1      | Reached XP level 1. HP: 19/19 MP: 1/1
   871 | D:2      | Found a shattered altar of Ashenzari.
   877 | D:2      | Found a radiant altar of Vehumet.
   886 | D:2      | Reached XP level 2. HP: 27/27 MP: 2/2
   949 | D:2      | Found a sacrificial altar of Ru.
  1145 | D:2      | Reached XP level 3. HP: 33/33 MP: 3/3
  1472 | D:2      | Reached skill level 1 in Armour
  2208 | D:3      | Noticed an ogre
  2315 | D:3      | Slain by an ogre

Vault maps used:
D:1:      elethiomel_arrival_quiet
D:2:      vehumet_crystals, lemuel_coloured_pillars_altar,
          ashenzari_conservatory_becter, hangedman_decor_clover_reticule
D:3:      elyvilon_altar_5

Skill      XL: |  1  2  3 |
---------------+----------+-----
Fighting       | 4 |  4.2
Unarmed Combat | 4 |  4.1
Armour         | 1 |  1.2
Dodging        | |  2.6
Stealth        | |  1.5

Action                   || total
-------------------------++-------
Melee: Unarmed           ||   129
       Punch             ||     5
 Fire: Blowgun           ||     7
  Eat: Chunk             ||     3
Armor: Ring mail         ||    61
Dodge: Dodged            ||   121

Table legend:
 A = Spawn XP
 B = Non-spawn XP
 C = Spawn XP percentage of total XP
 D = Spawn monster count
 E = Non-spawn monster count
 F = Spawn count percentage of total count
 G = Total turns spent on level
                    A         B        C        D         E        F      G
               +---------+---------+-------+---------+---------+-------+---------
         Total |       0 |      69 |   0.0 |       0 |      37 |   0.0 |  2315
               +---------+---------+-------+---------+---------+-------+---------
           D:1 |       0 |       7 |   0.0 |       0 |       6 |   0.0 |   788
           D:2 |       0 |      52 |   0.0 |       0 |      23 |   0.0 |  1022
           D:3 |       0 |      10 |   0.0 |       0 |       8 |   0.0 |   505
               +---------+---------+-------+---------+---------+-------+---------
